 Dungeon Crawl Stone Soup version 0.27-a0-1125-g131cd56 (webtiles) character file.

Game seed: 17622341849716895101

72 Meow the Stinger (level 4, 29/36 HPs)
             Began as a Naga Venom Mage on May 3, 2021.
             Quit the game on level 2 of the Dungeon.
             The game lasted 00:03:42 (988 turns).

Meow the Stinger (Naga Venom Mage)                   Turns: 988, Time: 00:03:43

Health: 29/36      AC:  5    Str: 11    XL:     4   Next: 26%
Magic:  3/8        EV:  9    Int: 16    God:
Gold:   39         SH:  0    Dex: 11    Spells: 4/8 levels left

rFire    . . .     SeeInvis +   a - +0 quarterstaff
rCold    . . .     Faith    .   (shield currently unavailable)
rNeg     . . .     Spirit   .   d - +0 robe
rPois    +         Reflect  .   (no helmet)
rElec    .         Harm     .   (no cloak)
rCorr    .         Rampage  .   l - +2 pair of gloves
Will     .....                  (no barding)
Stlth    +++.......             (no amulet)
HPRegen  0.12/turn              (no ring)
MPRegen  0.11/turn              (no ring)

@: short of breath, very slow
A: AC +1, large, see invisible, deformed body, poison resistance, slowness 2,
spit poison 1, naga tail 1
a: Spit Poison


You were on level 2 of the Dungeon.
You visited 1 branch of the dungeon, and saw 2 of its levels.

You collected 39 gold pieces.

Inventory:

Hand Weapons
 a - a +0 quarterstaff (weapon)
 h - a +0 dagger
Missiles
 f - 37 stones
Armour
 d - a +0 robe (worn)
 l - a +2 pair of gloves (worn)
Scrolls
 b - a scroll of identify {unknown}
 c - a scroll of fear {unknown}
 e - a scroll of magic mapping {unknown}
 g - a scroll of torment {unknown}
 i - a scroll of teleportation {unknown}
 j - 2 scrolls of acquirement {unknown}
 k - a scroll of noise {unknown}
 n - a scroll of amnesia {unknown}
Potions
 m - a potion of mutation {unknown}


   Skills:
 - Level 1.5 Dodging
 + Level 4.6 Stealth
 + Level 2.8 Spellcasting
 - Level 1.0 Transmutations
 + Level 5.0 Poison Magic


You had 4 spell levels left.
You knew the following spells:

 Your Spells              Type           Power      Damage    Failure   Level
a - Sting                 Tmut/Pois      44%        1d5       5%          1
c - Mephitic Cloud        Conj/Pois/Air  7%         N/A       28%         3

Your spell library contained the following spells:

 Spells                   Type           Power      Damage    Failure   Level
 Poisonous Vapours        Pois/Air       20%        N/A       11%         2
 Olgreb's Toxic Radiance  Pois           18%        N/A       24%         4
 Ignite Poison            Fire/Tmut/Pois 8%         N/A       26%         3


Dungeon Overview and Level Annotations

Branches:
Dungeon (2/15)

Altars:


Innate Abilities, Weirdness & Mutations

Your serpentine skin is tough. (AC +1)
You have supernaturally acute eyesight. (SInv)
Armour fits poorly on your strangely shaped body.
Your system is resistant to poisons. (rPois)
You cover ground very slowly.
You can spit poison.
You have a snake-like lower body.


Message History

Aim: Natasha (moderately wounded, poisoned)
The splash of poison hits Natasha but does no damage.
Natasha is moderately wounded.
Natasha casts a spell at you. You resist with some effort.
Casting: Sting (safe; 6% risk of failure)
Confirm with . or Enter, or press ? or * to list all spells.
Aiming: Sting (safe; 6% risk of failure)
Press: ? - help, Shift-Dir - straight line, f/p - Natasha
Aim: Natasha (moderately wounded, poisoned, 64% to hit)
The sting hits Natasha.
Natasha looks even sicker.
Natasha is moderately wounded.
Unknown command.
Casting: Sting (safe; 6% risk of failure)
Confirm with . or Enter, or press ? or * to list all spells.
Aiming: Sting (safe; 6% risk of failure)
Press: ? - help, Shift-Dir - straight line, f/p - Natasha
Aim: Natasha (moderately wounded, very poisoned, 64% to hit)
The sting hits Natasha.
Natasha looks even sicker.
Natasha is severely wounded.
You have got your breath back.
Natasha claws you.
Press: ? - help, Shift-Dir - straight line, f/p - Natasha
Aim: Natasha (severely wounded, very poisoned)
The splash of poison misses Natasha.
The splash of poison misses the crimson imp.
The crimson imp blinks!
Natasha claws you.
Unknown command.
Casting: Sting (safe; 6% risk of failure)
Confirm with . or Enter, or press ? or * to list all spells.
Aiming: Sting (safe; 6% risk of failure)
Press: ? - help, Shift-Dir - straight line, f/p - Natasha
Aim: Natasha (almost dead, very poisoned, 64% to hit)
The sting hits Natasha.
Natasha looks as sick as possible!
You kill Natasha!
Natasha growls in agony!
Your Poison Magic skill increases to level 5!
You have reached level 4!
You feel stronger.
Are you sure you want to abandon this character and quit the game? (Confirm with "yes".)

###### #....# ##.#.#
#.#.####### #.#...@...#
######.#######.#
######......#### #.###.#
.......#.......####†....#
...................h#####
......#...........#.5......
####.##...........##....###
###.##.#######.... ....#
#...##.# #.... .#..#


There were no monsters in sight!

Vanquished Creatures
  Natasha (D:2)
  2 adders (D:2)
  6 ball pythons (D:1)
  2 endoplasms (D:1)
  2 giant cockroaches
  4 hobgoblins
  2 quokkas (D:1)
  A bat (D:2)
  2 frilled lizards (D:1)
  A goblin (D:1)
  3 kobolds
  4 rats
30 creatures vanquished.

Notes
Turn   | Place    | Note
-------+----------+-------------------------------------------
     0 | D:1      | Meow the Naga Venom Mage began the quest for the Orb.
     0 | D:1      | Reached XP level 1. HP: 15/15 MP: 3/3
   149 | D:1      | Reached XP level 2. HP: 22/22 MP: 1/5
   768 | D:2      | Reached XP level 3. HP: 27/28 MP: 1/6
   772 | D:2      | Learned a level 3 spell: Mephitic Cloud
   975 | D:2      | Noticed Natasha
   987 | D:2      | Killed Natasha
   988 | D:2      | Reached skill level 5 in Poison Magic
   988 | D:2      | Reached XP level 4. HP: 29/36 MP: 3/8
   988 | D:2      | Quit the game

Illustrated notes

Levels and vault maps discovered:
D:1:      scummos_arrival_hexagon, layout_loops_cross
D:2:      minmay_chambers_of_twos, layout_basic, serial_shops,
          nicolae_shop_crystal, shapermc_ecumenical_altar_notcrosses,
          grunt_ministairs_10, minmay_pentomino_x2, uniq_natasha

Skill      XL: |  1  2  3 |
---------------+----------+-----
Stealth        | 4 |  4.6
Poison Magic   | 5 |  5.0
Dodging        | |  1.5
Spellcasting   | |  2.8
Transmutations | |  1.0

Action                   |  1- 3 |  4- 6 || total
-------------------------+-------+-------++-------
 Cast: Sting             |    23 |       ||    23
 Abil: Spit Poison       |    35 |       ||    35
Armor: Robe              |     1 |       ||     1
Dodge: Dodged            |     7 |       ||     7

Table legend: (Time is in decaauts)
 A = Elapsed time spent in this place.
 B = Non-inter-level travel time spent in this place.
 C = Inter-level travel time spent in this place.
 D = Time resting spent in this place.
 E = Time spent auto-exploring this place.
 F = Levels seen in this place.
 G = Mean time per level.
                   A        B        C        D        E       F      G
               +--------+--------+--------+--------+--------+-----+--------+
         Total |   1270 |   1214 |     56 |    167 |    817 |   2 |  635.0 |
       Dungeon |   1270 |   1214 |     56 |    167 |    817 |   2 |  635.0 |
               +--------+--------+--------+--------+--------+-----+--------+

Top non-repeatable levels by time:
     D:1: 996 daAuts
     D:2: 273 daAuts
